[Event "Titled Tuesday Blitz October 11 Early 2022"]
[White "Antonio, Jorge Carlos"]
[Black "Flis, Pawel"]
[WhiteFideId "113190"]
[BlackFideId "1112864"]
[WhiteElo "2247"]
[BlackElo "1836"]
[Result "0-1"]
[Round "09"]
[TimeControl "180+1"]
[Date "2022.10.12"]
[WhiteClock "0:00:30"]
[BlackClock "0:00:18"]

1. d4 Nf6 2. Nf3 c5 3. c3 b6 4. Bf4 d6 5. e3 Bb7 6. Bd3 g6 7. Nbd2 Bg7 8. O-O Nbd7 9. Re1 O-O 10. Bg3 Nh5 11. Bh4 a6 12. Be4 Bxe4 13. Nxe4 Re8 14. Nxd6 Rf8 15. Nc4 b5 16. Nce5 cxd4 17. exd4 Nxe5 18. Nxe5 Qc7 19. Nf3 Rfe8 20. Bg3 Nxg3 21. hxg3 e6 22. a3 Qc4 23. Qe2 Qc6 24. Ne5 Bxe5 25. Qxe5 Rac8 26. Re4 a5 27. Rh4 Qd5 28. Qxd5 exd5 29. Rg4 f6 30. Rf4 Kf7 31. Rf3 Re4 32. Re3 Rce8 33. Rxe4 Rxe4 34. Kf1 Re6 35. f3 g5 36. g4 Rb6 37. Ke2 b4 38. axb4 axb4 39. Kd3 bxc3 40. bxc3 Rb2 41. Ra7+ Kg6 42. Ra5 Rxg2 43. Rxd5 Rf2 44. Ke3 Rc2 45. Rc5 h5 46. d5 h4 47. Kd3 Rc1 48. Kd2 h3 49. Rc8 h2 50. Kxc1 h1=Q+ 51. Kc2 Qxf3 52. Rd8 Qe4+ 53. Kb3 Qxg4 54. c4 Qd1+ 55. Kb4 Qb1+ 56. Kc5 Qg1+ 57. Kc6 g4 58. c5 g3 59. d6 Qg2+ 60. Kc7 Qd5 61. c6 g2 62. Rg8+ Qxg8 63. d7 g1=Q 64. d8=Q Qxd8+ 65. Kxd8 Qc5 66. c7 f5 67. c8=Q Qxc8+ 68. Kxc8 f4 0-1


[Site "https://www.chess.com"]

[Event "Titled Tuesday Blitz October 11 Early 2022"]
[White "Arabidze, Meri"]
[Black "Zemlyanskii, Ivan"]
[WhiteFideId "13604040"]
[BlackFideId "24249971"]
[WhiteElo "2403"]
[BlackElo "2107"]
[Result "1-0"]
[Round "09"]
[TimeControl "180+1"]
[Date "2022.10.11"]
[WhiteClock "0:00:28"]
[BlackClock "0:00:09"]

1. Nf3 Nf6 2. d4 e6 3. g3 d5 4. Bg2 c5 5. O-O cxd4 6. Nxd4 e5 7. Nf3 Nc6 8. c4 d4 9. e3 Be7 10. exd4 exd4 11. a3 a5 12. b3 O-O 13. Bb2 Bc5 14. Ne1 Bf5 15. Nd3 Be7 16. h3 h6 17. g4 Bh7 18. Re1 Qc7 19. Qf3 Rfe8 20. Nd2 Rad8 21. Nf1 Bd6 22. Nd2 Bg6 23. Rad1 Nd7 24. Ne4 Nde5 25. Nxe5 Bxe5 26. Nc5 Qb6 27. Nxb7 Rc8 28. Nd6 Bxd6 29. Rxe8+ Rxe8 30. Qxc6 Qxc6 31. Bxc6 Re2 32. Bxd4 Bc2 33. Ra1 Bxb3 34. Bd5 Rd2 35. Bc3 Rc2 36. Bxa5 Bxc4 37. Bxc4 Rxc4 38. a4 Be5 39. Ra2 h5 40. gxh5 Rh4 41. Kg2 1-0


[Site "https://www.chess.com"]

[Event "Titled Tuesday Blitz October 11 Early 2022"]
[White "Araujo Sanchez, Josue"]
[Black "Csonka, Balazs"]
[WhiteFideId "6416896"]
[BlackFideId "742910"]
[WhiteElo "2370"]
[BlackElo "2404"]
[Result "1-0"]
[Round "09"]
[TimeControl "180+1"]
[Date "2022.10.11"]
[WhiteClock "0:00:08"]
[BlackClock "0:00:02"]

1. c4 e6 2. Nf3 Nf6 3. g3 b6 4. Bg2 Bb7 5. O-O Be7 6. Nc3 O-O 7. e3 c5 8. Qc2 d5 9. cxd5 Nxd5 10. Nxd5 Bxd5 11. d3 Nd7 12. Bd2 Nf6 13. Bc3 Rc8 14. e4 Bb7 15. b3 b5 16. Rad1 Qb6 17. Ne5 Rfd8 18. Kh1 Nd7 19. f4 Nxe5 20. Bxe5 Rd7 21. Bb2 Rcd8 22. f5 exf5 23. Rxf5 Qe6 24. Rff1 Bd6 25. Qc3 f6 26. Qc2 Be5 27. Bxe5 Qxe5 28. Rf5 Qd4 29. Qxc5 Qxc5 30. Rxc5 Rxd3 31. Rxd3 Rxd3 32. h3 Rd1+ 33. Kh2 Rd2 34. Kg1 Rxa2 35. Rxb5 Ba6 36. Rb8+ Kf7 37. Rd8 Ke6 38. Re8+ Kf7 39. Rd8 Ke6 40. h4 Ra1+ 41. Kh2 Ra2 42. Kg1 Ra1+ 43. Kf2 Ra2+ 44. Kf3 Be2+ 45. Kf4 Bb5 46. Bh3+ Ke7 47. Rb8 a6 48. Rb7+ Kf8 49. Be6 Rf2+ 50. Ke3 Re2+ 51. Kf3 Rb2 52. Rf7+ Ke8 53. Rxg7 h6 54. Bd5 h5 55. Ke3 Kf8 56. Rf7+ Ke8 57. Rxf6 a5 58. Rf5 Be2 59. Rf2 1-0


[Site "https://www.chess.com"]

[Event "Titled Tuesday Blitz October 11 Early 2022"]
[White "Azadaliyev, Jahandar"]
[Black "Zou, Chen"]
[WhiteFideId "13425811"]
[BlackFideId "8610959"]
[WhiteElo "2204"]
[BlackElo "2325"]
[Result "0-1"]
[Round "09"]
[TimeControl "180+1"]
[Date "2022.10.12"]
[WhiteClock "0:00:20"]
[BlackClock "0:00:43"]

1. e4 c5 2. Nf3 d6 3. d4 cxd4 4. Nxd4 Nf6 5. Nc3 a6 6. Bg5 Nbd7 7. Bc4 Qb6 8. Bb3 e6 9. O-O Be7 10. Qd2 O-O 11. Rad1 Nc5 12. Rfe1 Bd7 13. h3 Rac8 14. Kh1 Rfd8 15. Qe3 Be8 16. Qg3 Nxb3 17. axb3 Nh5 18. Qh4 Bxg5 19. Qxg5 Nf6 20. Re3 Qc5 21. Qg3 b5 22. Rf3 Qe5 23. b4 Rc4 24. Nb3 Qxg3 25. Rxg3 Nxe4 26. Nxe4 Rxe4 27. c3 Re2 28. Rd2 Rxd2 29. Nxd2 Kf8 30. Rd3 Ke7 31. Nb3 Bc6 32. Rd1 Bd5 33. Nd4 g6 34. Ra1 Bb7 35. Nb3 e5 36. f3 Ke6 37. Kg1 f5 38. Kf2 g5 39. Ke3 h5 40. Rd1 Bd5 41. Nd2 Rc8 42. Ra1 Bb7 43. Nb3 f4+ 44. Ke2 g4 45. hxg4 hxg4 46. Rh1 gxf3+ 47. gxf3 Rg8 48. Rh6+ Kd7 49. Rh7+ Kc8 50. Rh6 Rg2+ 51. Kd3 Bxf3 52. Rxd6 e4+ 53. Kd4 e3 54. Kc5 e2 55. Re6 Rg1 0-1


[Site "https://www.chess.com"]

[Event "Titled Tuesday Blitz October 11 Early 2022"]
[White "Barria Zuniga, Daniel"]
[Black "Sernecki, Franciszek"]
[WhiteFideId "3400816"]
[BlackFideId "1169297"]
[WhiteElo "2680"]
[BlackElo "2558"]
[Result "0-1"]
[Round "09"]
[TimeControl "180+1"]
[Date "2022.10.12"]
[WhiteClock "0:00:51"]
[BlackClock "0:00:49"]

1. d4 d5 2. c4 Nc6 3. Nc3 e5 4. cxd5 Nxd4 5. f4 Bc5 6. fxe5 c6 7. Nf3 cxd5 8. Nxd4 Qh4+ 9. g3 Qxd4 10. Qxd4 Bxd4 11. Nxd5 Bxe5 12. Bf4 Bxf4 13. gxf4 Rb8 14. O-O-O Be6 15. Bg2 Rc8+ 16. Kb1 Ne7 17. Nxe7 Kxe7 18. Bxb7 Rc7 19. Bd5 Rhc8 20. Bxe6 Kxe6 21. Rc1 Kf5 22. Rxc7 Rxc7 23. Rc1 Rxc1+ 24. Kxc1 Kxf4 25. Kd2 g5 26. Kd3 h5 27. b4 g4 28. a4 h4 29. b5 g3 30. hxg3+ hxg3 31. a5 g2 0-1


[Site "https://www.chess.com"]

[Event "Titled Tuesday Blitz October 11 Early 2022"]
[White "Blokhin, Sofia"]
[Black "Alexikov, Alexander"]
[WhiteFideId "4508190"]
[BlackFideId "14103958"]
[WhiteElo "2005"]
[BlackElo "2222"]
[Result "0-1"]
[Round "09"]
[TimeControl "180+1"]
[Date "2022.10.12"]
[WhiteClock "0:00:38"]
[BlackClock "0:00:21"]

1. d4 Nf6 2. c4 g6 3. Nc3 Bg7 4. e4 d6 5. f3 O-O 6. Be3 b6 7. Qd2 c5 8. d5 e6 9. O-O-O exd5 10. Nxd5 Be6 11. g4 Bxd5 12. cxd5 a6 13. h4 h5 14. gxh5 Nxh5 15. Ne2 Nd7 16. Nf4 Ng3 17. Rg1 Nxf1 18. Rdxf1 Qxh4 19. Rh1 Qf6 20. Qh2 Rfe8 21. Nd3 c4 22. Nb4 Ne5 23. Bd4 Nd3+ 24. Nxd3 Qxd4 25. Nb4 c3 26. Nc2 cxb2+ 27. Kb1 Qc3 28. Qh7+ Kf8 29. f4 Rac8 30. Rh2 Rxe4 31. f5 Re1+ 32. Rxe1 Qxe1+ 33. Nxe1 Rc1# 0-1


[Site "https://www.chess.com"]

[Event "Titled Tuesday Blitz October 11 Early 2022"]
[White "Boraso, Alessio"]
[Black "Vargas, Mauricio"]
[WhiteFideId "848077"]
[BlackFideId "4404572"]
[WhiteElo "2286"]
[BlackElo "2025"]
[Result "1-0"]
[Round "09"]
[TimeControl "180+1"]
[Date "2022.10.12"]
[WhiteClock "0:00:03"]
[BlackClock "0:00:09"]

1. e4 c6 2. Nf3 d5 3. exd5 cxd5 4. Ne5 d4 5. Bc4 e6 6. O-O Nf6 7. d3 Bd6 8. Bf4 O-O 9. Nd2 Qc7 10. Re1 Nh5 11. Qxh5 f6 12. Ndf3 fxe5 13. Bxe5 Rxf3 14. Bxd6 Qxd6 15. Qxf3 Nc6 16. Qg4 Nd8 17. Re4 a6 18. Rae1 b5 19. Rxd4 Qe7 20. Rxd8+ Qxd8 21. Bxe6+ Kh8 22. Bxc8 Rxc8 23. c3 h6 24. d4 Rb8 25. a3 a5 26. h3 b4 27. axb4 axb4 28. Qg6 bxc3 29. bxc3 Qf8 30. Re3 Ra8 31. Rf3 Qb8 32. Rg3 Ra1+ 33. Kh2 Qc7 34. d5 Ra7 35. Qe8+ Kh7 36. Qe4+ Kh8 37. c4 Ra3 38. Qe8+ Kh7 39. Qg6+ Kh8 40. d6 Rxg3 41. dxc7 Rxg6 42. c8=Q+ Kh7 43. Qf5 h5 44. g4 Kh6 45. Qxh5# 1-0


[Site "https://www.chess.com"]

[Event "Titled Tuesday Blitz October 11 Early 2022"]
[White "Borgaonkar Akshay"]
[Black "Costachi, Mihnea"]
[WhiteFideId "25639110"]
[BlackFideId "1217518"]
[WhiteElo "2063"]
[BlackElo "2437"]
[Result "0-1"]
[Round "09"]
[TimeControl "180+1"]
[Date "2022.10.12"]
[WhiteClock "0:01:42"]
[BlackClock "0:02:07"]

1. Nf3 d5 2. b3 c5 3. Bb2 Nf6 4. e3 g6 5. Be2 Bg7 6. d3 O-O 7. Nbd2 Nc6 8. O-O Qc7 9. a3 e5 10. e4 Rd8 11. Qe1 Nd4 12. Nxd4 cxd4 13. Rc1 dxe4 14. dxe4 Be6 15. Bd3 Rac8 16. Qe2 Nh5 17. g3 Bh6 18. Rcd1 Bh3 19. Rfe1 Qe7 20. Qf3 Qd7 21. Qh1 Nf4 22. Bf1 Rxc2 23. Ba1 Bxf1 24. Nxf1 Nh3+ 0-1


[Site "https://www.chess.com"]

[Event "Titled Tuesday Blitz October 11 Early 2022"]
[White "Carbone, Diego"]
[Black "Cramling Bellon, Anna"]
[WhiteFideId "3002179"]
[BlackFideId "32009232"]
[WhiteElo "2243"]
[BlackElo "1972"]
[Result "1-0"]
[Round "09"]
[TimeControl "180+1"]
[Date "2022.10.12"]
[WhiteClock "0:00:23"]
[BlackClock "0:00:01"]

1. d4 Nf6 2. c4 e6 3. Nc3 d5 4. Nf3 c6 5. e3 Be7 6. Qc2 O-O 7. Bd3 h6 8. O-O dxc4 9. Bxc4 b5 10. Be2 Bb7 11. Rd1 Nbd7 12. e4 b4 13. Na4 Qa5 14. e5 Nd5 15. Bd2 c5 16. dxc5 Nxc5 17. Nxc5 Bxc5 18. Qe4 Nc3 19. Qxb7 Rab8 20. Qa6 Bxf2+ 21. Kxf2 Qc5+ 22. Be3 Nxd1+ 23. Rxd1 Qc2 24. Rd2 Qc7 25. Qxa7 Qc1 26. Qd4 g5 27. Qe4 Rbc8 28. Bd3 Qc7 29. Qh7# 1-0


[Site "https://www.chess.com"]

[Event "Titled Tuesday Blitz October 11 Early 2022"]
[White "Chernomordik, Pavel"]
[Black "Mills, Morgen"]
[WhiteFideId "2804530"]
[BlackFideId "2013304"]
[WhiteElo "2217"]
[BlackElo "2200"]
[Result "1-0"]
[Round "09"]
[TimeControl "180+1"]
[Date "2022.10.12"]
[WhiteClock "0:00:03"]
[BlackClock "0:00:02"]

1. e4 c6 2. Nc3 d5 3. Nf3 Nf6 4. e5 Ne4 5. Ne2 Qb6 6. d4 e6 7. a3 c5 8. c3 Nc6 9. Ng3 Nxg3 10. hxg3 Bd7 11. b4 cxd4 12. cxd4 Be7 13. Be3 a5 14. b5 Na7 15. a4 Bb4+ 16. Bd2 Nc8 17. Bd3 h6 18. O-O Bxd2 19. Qxd2 Qd8 20. g4 Nb6 21. Rfc1 g6 22. Qf4 Rc8 23. Rxc8 Nxc8 24. g5 h5 25. Nh4 Rg8 26. Rc1 Nb6 27. Bc2 Nc4 28. Bb3 Nb6 29. Nf3 Kf8 30. Qd2 Nc8 31. Ne1 Kg7 32. Nd3 b6 33. Nf4 Ne7 34. Bc2 Qb8 35. f3 Rc8 36. g4 hxg4 37. fxg4 Rh8 38. Kg2 Rh4 39. Kg3 Qh8 40. Qf2 Rh1 41. Nh5+ Rxh5 42. gxh5 Qxh5 43. Qf6+ Kf8 44. Bd1 Qh7 45. Bg4 Nf5+ 46. Bxf5 gxf5 47. Qd8+ Be8 48. Rc8 f4+ 49. Kf2 Qh2+ 50. Ke1 Qg1+ 51. Kd2 Qxd4+ 52. Kc2 Qe4+ 53. Kb2 Qb4+ 54. Kc1 Qa3+ 55. Kd2 Qe3+ 56. Kc2 Qe2+ 57. Kb3 Qd3+ 58. Rc3 Qb1+ 59. Ka3 Qe4 60. Qd6+ Kg7 61. Qe7 1-0


[Site "https://www.chess.com"]

[Event "Titled Tuesday Blitz October 11 Early 2022"]
[White "Chigaev, Maksim"]
[Black "Piesik, Piotr"]
[WhiteFideId "4108116"]
[BlackFideId "1136194"]
[WhiteElo "2537"]
[BlackElo "2323"]
[Result "1-0"]
[Round "09"]
[TimeControl "180+1"]
[Date "2022.10.11"]
[WhiteClock "0:00:10"]
[BlackClock "0:00:05"]

1. d4 c5 2. d5 e5 3. Nc3 d6 4. e4 Be7 5. Bb5+ Nd7 6. a4 Bg5 7. Nf3 Bxc1 8. Qxc1 Ne7 9. a5 a6 10. Bxd7+ Bxd7 11. Nd2 Bb5 12. Nd1 O-O 13. c4 Bd7 14. O-O f5 15. f3 Ng6 16. Ne3 Nf4 17. Qe1 Qg5 18. Kh1 Rf6 19. Ra3 Rh6 20. exf5 Bxf5 21. g3 Nd3 22. Qe2 Nb4 23. Nxf5 Qxf5 24. Ne4 Rf8 25. Kg1 Rg6 26. Raa1 h5 27. Kh1 h4 28. g4 Qf4 29. h3 Kf7 30. Ra3 Ke7 31. Rc3 Rh6 32. Rb3 Rhh8 33. Kg2 Rf7 34. Qe1 g5 35. Rxb4 cxb4 36. Qxb4 Rd8 37. Qxb7+ Rd7 38. Qxa6 Qe3 39. Qb6 Qe2+ 40. Qf2 Qxc4 41. Nxg5 Rf4 42. Qxh4 Qc2+ 43. Rf2 Qd3 44. Ne6+ Kf7 45. Nxf4 exf4 46. Qg5 Qd4 47. Qf5+ Ke7 48. a6 Rc7 49. Re2+ Kd8 50. Qf8+ 1-0


[Site "https://www.chess.com"]

[Event "Titled Tuesday Blitz October 11 Early 2022"]
[White "Cnejev, Vladimir-Alexandru"]
[Black "Malek, Jan"]
[WhiteFideId "1260898"]
[BlackFideId "21864080"]
[WhiteElo "2542"]
[BlackElo "2678"]
[Result "0-1"]
[Round "09"]
[TimeControl "180+1"]
[Date "2022.10.12"]
[WhiteClock "0:00:03"]
[BlackClock "0:01:04"]

1. e4 e6 2. d4 d5 3. e5 c5 4. c3 Nc6 5. Nf3 Bd7 6. a3 Nh6 7. Bd3 Be7 8. Be3 cxd4 9. cxd4 Nf5 10. Nc3 Nxe3 11. fxe3 O-O 12. O-O f5 13. exf6 Bxf6 14. Qc2 h6 15. Rf2 Rc8 16. Raf1 Qe7 17. Qd1 a6 18. Bb1 g5 19. h3 Qg7 20. Na4 Be8 21. Nc5 Nd8 22. Ne5 Be7 23. Rxf8+ Bxf8 24. Ng4 Be7 25. Qd3 Rc7 26. Kh1 h5 27. Nh2 Bxc5 28. dxc5 Rf7 29. Rxf7 Nxf7 30. e4 Ne5 31. Qd4 Bg6 32. Nf1 Qf6 33. Ne3 Qf4 34. c6 Nxc6 35. Qc5 Bxe4 36. Bxe4 Qxe4 37. Nf1 d4 38. Qd6 Qd5 39. Qc7 d3 40. Ng3 d2 41. Nxh5 d1=Q+ 42. Kh2 Qxh5 0-1


[Site "https://www.chess.com"]

[Event "Titled Tuesday Blitz October 11 Early 2022"]
[White "D`Arruda, Ricardo D."]
[Black "Broca Jimenez, Fernando"]
[WhiteFideId "100692"]
[BlackFideId "5104742"]
[WhiteElo "2420"]
[BlackElo "2062"]
[Result "1-0"]
[Round "09"]
[TimeControl "180+1"]
[Date "2022.10.12"]
[WhiteClock "0:00:45"]
[BlackClock "0:00:03"]

1. d4 Nf6 2. Nf3 g6 3. Nc3 Bg7 4. e4 d6 5. Bg5 O-O 6. Qd2 Bg4 7. Be2 c5 8. dxc5 dxc5 9. Qxd8 Rxd8 10. e5 Nfd7 11. O-O-O Nc6 12. h3 Bxf3 13. Bxf3 Ndxe5 14. Be2 h6 15. Be3 Nd4 16. Bf1 Nec6 17. Bc4 e6 18. Rhe1 Na5 19. Bf1 a6 20. Na4 Rac8 21. c3 Nf5 22. Rxd8+ Rxd8 23. Bxc5 Nc6 24. Bb6 Rd7 25. g4 Nd6 26. Nc5 Re7 27. Rd1 Be5 28. Nd3 Bh2 29. Bc5 Rd7 30. Be3 Nc4 31. Bxh6 1-0


[Site "https://www.chess.com"]

[Event "Titled Tuesday Blitz October 11 Early 2022"]
[White "De Souza, Cristiano Gomes"]
[Black "Wartiovaara, Oliver"]
[WhiteFideId "2151758"]
[BlackFideId "513024"]
[WhiteElo "2068"]
[BlackElo "2197"]
[Result "1-0"]
[Round "09"]
[TimeControl "180+1"]
[Date "2022.10.12"]
[WhiteClock "0:00:53"]
[BlackClock "0:00:09"]

1. d4 c5 2. d5 d6 3. c4 b5 4. cxb5 a6 5. bxa6 Bxa6 6. Nf3 Nf6 7. g3 g6 8. Bg2 Bg7 9. Nc3 O-O 10. Rb1 Nbd7 11. b3 Qa5 12. Bd2 Qa3 13. O-O Rfb8 14. Qc2 Ng4 15. h3 Nge5 16. Nxe5 Nxe5 17. f4 Nd7 18. Kh2 c4 19. Rfe1 cxb3 20. Rxb3 Rxb3 21. axb3 Nc5 22. Rb1 Bc8 23. e4 Rb8 24. Bf1 f5 25. Nb5 Qa8 26. e5 Bd7 27. Nd4 Ne4 28. Nc6 Bxc6 29. dxc6 Rc8 30. Bc4+ Kf8 31. Bd5 dxe5 32. Bb4 exf4 33. gxf4 Nd6 34. Bxd6 exd6 35. b4 Bd4 36. b5 Qa7 37. Qe2 Qe7 38. Qxe7+ Kxe7 39. b6 1-0


[Site "https://www.chess.com"]

[Event "Titled Tuesday Blitz October 11 Early 2022"]
[White "Demin, Vladimir"]
[Black "Goryachkina, Aleksandra"]
[WhiteFideId "4167457"]
[BlackFideId "4147103"]
[WhiteElo "2564"]
[BlackElo "2484"]
[Result "1/2-1/2"]
[Round "09"]
[TimeControl "180+1"]
[Date "2022.10.12"]
[WhiteClock "0:00:12"]
[BlackClock "0:00:06"]

1. d4 Nf6 2. Nc3 e6 3. e4 d5 4. Bg5 dxe4 5. Nxe4 Be7 6. Nxf6+ Bxf6 7. Bxf6 Qxf6 8. Qd3 Nc6 9. O-O-O Bd7 10. Qe4 O-O-O 11. Nf3 h6 12. h4 Rhe8 13. Bb5 a6 14. Ba4 Qe7 15. c3 Kb8 16. h5 Na7 17. Bxd7 Rxd7 18. Qh7 f6 19. Rhe1 Qd8 20. Qc2 Nb5 21. Rd2 Nd6 22. Rde2 Rde7 23. Qb3 Qd7 24. a4 Nf7 25. Nd2 e5 26. Nc4 exd4 27. Na5 Nd8 28. Rxe7 Rxe7 29. Rd1 Qe8 30. Rxd4 Re1+ 31. Rd1 Rxd1+ 32. Qxd1 Kc8 33. b3 Qd7 34. Qxd7+ Kxd7 35. Kd2 Ke6 36. g4 f5 37. f3 fxg4 38. fxg4 Kf6 39. Ke3 Kg5 40. Kf3 g6 41. hxg6 Kxg6 42. b4 Kg5 43. b5 axb5 44. axb5 b6 45. Nc4 Nf7 46. Ne3 Kf6 47. Nd5+ Ke5 48. Nxc7 Kd6 49. Ne8+ Kc5 50. Ke4 Kxb5 51. Kd4 Kc6 52. Nf6 Kd6 53. c4 Kc6 54. Ng8 Kd6 55. Nf6 Kc6 56. Ng8 Kd6 57. Nf6 1/2-1/2


[Site "https://www.chess.com"]

[Event "Titled Tuesday Blitz October 11 Early 2022"]
[White "Djokic, Mihailo"]
[Black "Leiva, Gianmarco"]
[WhiteFideId "976440"]
[BlackFideId "3804399"]
[WhiteElo "2315"]
[BlackElo "2285"]
[Result "0-1"]
[Round "09"]
[TimeControl "180+1"]
[Date "2022.10.11"]
[WhiteClock "0:00:17"]
[BlackClock "0:00:05"]

1. e4 c5 2. Nf3 d6 3. d4 cxd4 4. Nxd4 Nf6 5. Nc3 a6 6. Rg1 e5 7. Nb3 h5 8. h3 Be6 9. g4 hxg4 10. hxg4 d5 11. exd5 Nxd5 12. Nxd5 Qxd5 13. Be3 Nc6 14. Qxd5 Bxd5 15. O-O-O O-O-O 16. Be2 Kc7 17. g5 Be7 18. c3 a5 19. Bb5 b6 20. Rd2 Na7 21. c4 Be6 22. Rc2 Bf5 23. Re2 Bd3 24. Rd2 Nxb5 25. cxb5 Bxb5 26. g6 f6 27. Rxd8 Rxd8 28. Nd2 Bd3 29. Nf3 b5 30. Rh1 Be4 31. Rh3 Kd7 32. Nd2 Bxg6 33. Rg3 Rc8+ 34. Kd1 Bh5+ 35. f3 g5 36. Rh3 Bg6 37. Rh6 Rg8 38. Nb3 a4 39. Nc5+ Bxc5 40. Bxc5 Ke6 41. Ke2 Kf7 42. Rh1 Rc8 43. Rc1 Ke6 44. b4 axb3 45. axb3 Ra8 46. Rd1 Ra2+ 47. Ke3 Rb2 48. Rd6+ Kf5 49. b4 Bf7 50. Rd7 Be6 51. Rd8 Rb3+ 52. Kf2 Rb2+ 53. Kg3 Rb3 54. Be7 g4 55. Rf8 Rxf3+ 56. Kh4 Rh3# 0-1


[Site "https://www.chess.com"]

[Event "Titled Tuesday Blitz October 11 Early 2022"]
[White "Donchenko, Alexander"]
[Black "Dardha, Daniel"]
[WhiteFideId "24603295"]
[BlackFideId "240990"]
[WhiteElo "2572"]
[BlackElo "2528"]
[Result "0-1"]
[Round "09"]
[TimeControl "180+1"]
[Date "2022.10.11"]
[WhiteClock "0:00:04"]
[BlackClock "0:00:03"]

1. Nf3 d5 2. g3 b6 3. Bg2 Bb7 4. O-O Nf6 5. c4 dxc4 6. Na3 e6 7. Nxc4 Be7 8. d4 O-O 9. Qc2 Nbd7 10. Rd1 Qc8 11. Bf4 c5 12. Bd6 Be4 13. Qa4 Bxd6 14. Nxd6 Qc6 15. Qxc6 Bxc6 16. dxc5 bxc5 17. Rac1 Rfb8 18. Rd2 h6 19. Ne1 Bxg2 20. Kxg2 a5 21. Nd3 Rb6 22. Nc4 Rb7 23. Nce5 Rab8 24. Nc6 Ra8 25. Rdc2 Rb6 26. Nce5 Nxe5 27. Nxe5 a4 28. Kf3 Ra7 29. e3 g5 30. Nc4 Rb4 31. a3 Rb3 32. Nd2 Rd3 33. Nb1 g4+ 34. Ke2 Rb3 35. Nd2 Rb8 36. Nc4 Kg7 37. h3 h5 38. hxg4 hxg4 39. Ne5 Rab7 40. Nd3 Ne4 41. Rc4 f5 42. R1c2 Rh8 43. Nxc5 Nxc5 44. Rxc5 Kf6 45. Rc7 Rb6 46. R7c6 Rb7 47. Kd2 Rh2 48. Kc3 Rb3+ 49. Kc4 Rh8 50. Kc5 Rhb8 51. Kd6 R3b5 52. Kd7 R5b7+ 53. Kd6 Rd8+ 54. Kc5 Rd5+ 55. Kc4 Ke5 56. Kc3 Rb3+ 57. Kc4 Rb7 58. Re2 Rb3 59. Rc5 Ke4 60. Rxd5 exd5+ 61. Kc5 Kd3 62. Re1 Rxb2 63. Rd1+ Ke4 64. Rd4+ Kf3 65. Rf4+ Ke2 66. Rxf5 Rb3 67. Kxd5 Rxa3 68. e4 Rf3 69. Rxf3 Kxf3 70. e5 a3 71. e6 a2 72. e7 a1=Q 73. e8=Q Qa2+ 74. Kd6 Qxf2 75. Qe5 Qxg3 0-1


[Site "https://www.chess.com"]

[Event "Titled Tuesday Blitz October 11 Early 2022"]
[White "Durarbayli, Vasif"]
[Black "Machidon, Cristi"]
[WhiteFideId "13402935"]
[BlackFideId "13904590"]
[WhiteElo "2586"]
[BlackElo "2312"]
[Result "0-1"]
[Round "09"]
[TimeControl "180+1"]
[Date "2022.10.11"]
[WhiteClock "0:00:04"]
[BlackClock "0:00:57"]

1. e4 c6 2. d4 d5 3. e5 Bf5 4. Nf3 e6 5. Be2 Ne7 6. O-O c5 7. c4 Nbc6 8. dxc5 d4 9. Qa4 Ng6 10. b4 a5 11. b5 Ncxe5 12. c6 bxc6 13. bxc6 Bc5 14. Qb5 Qb6 15. Ba3 Qxb5 16. cxb5 Bb6 17. Nbd2 d3 18. Bd1 a4 19. Nxe5 Nxe5 20. Bb2 f6 21. Bxe5 fxe5 22. Nc4 Bd4 23. Rb1 d2 24. Nd6+ Ke7 25. Nxf5+ exf5 26. b6 Kd6 27. c7 Ra6 28. b7 Kxc7 29. Be2 Rb6 30. Rxb6 Bxb6 31. Rd1 Rd8 32. Ba6 e4 33. Kf1 f4 34. Ke2 Kb8 35. Rxd2 f3+ 36. gxf3 exf3+ 37. Ke1 Ba5 0-1


[Site "https://www.chess.com"]

[Event "Titled Tuesday Blitz October 11 Early 2022"]
[White "Dushyant Sharma"]
[Black "Toshali, V"]
[WhiteFideId "25065130"]
[BlackFideId "5072611"]
[WhiteElo "2270"]
[BlackElo "1973"]
[Result "1-0"]
[Round "09"]
[TimeControl "180+1"]
[Date "2022.10.12"]
[WhiteClock "0:00:05"]
[BlackClock "0:00:00"]

1. e4 c6 2. d4 d5 3. exd5 cxd5 4. Bd3 Nc6 5. Nf3 Nf6 6. c3 Bg4 7. O-O e6 8. Be3 Bd6 9. Nbd2 O-O 10. Qc2 Bh5 11. Rae1 Bg6 12. Bg5 b5 13. Ne5 Rc8 14. Qb1 b4 15. f4 bxc3 16. bxc3 Na5 17. Bxg6 hxg6 18. Rf3 Rb8 19. Qd3 Qc7 20. Rh3 Bxe5 21. fxe5 Nh7 22. Bf4 Rb2 23. Qg3 Qe7 24. Nf3 Rfb8 25. Ng5 Nxg5 26. Bxg5 f6 27. Qh4 Kf7 28. exf6 Qa3 29. fxg7 Qxa2 30. g8=Q+ Rxg8 31. Qh7+ Rg7 32. Rf3+ Ke8 33. Qh8+ Kd7 34. Qxg7+ Kc6 35. Rg3 Re2 36. Rf1 Qc2 37. Qf7 Qe4 38. h3 Re1 39. Qe8+ Kb6 40. Rxe1 Qxe1+ 41. Kh2 Nc6 42. Bd8+ Ka6 43. Qxc6# 1-0


[Site "https://www.chess.com"]

[Event "Titled Tuesday Blitz October 11 Early 2022"]
[White "Fajdetic, Hrvoje"]
[Black "Dwilewicz, Katarzyna"]
[WhiteFideId "14501945"]
[BlackFideId "1148486"]
[WhiteElo "2172"]
[BlackElo "2023"]
[Result "0-1"]
[Round "09"]
[TimeControl "180+1"]
[Date "2022.10.12"]
[WhiteClock "0:00:01"]
[BlackClock "0:00:25"]

1. b3 e5 2. Bb2 Nc6 3. e3 Nf6 4. Ne2 Be7 5. d4 exd4 6. exd4 d5 7. Nd2 O-O 8. g3 Re8 9. Bg2 Bg4 10. f3 Bf5 11. a3 Qd7 12. O-O Bd6 13. c4 Bd3 14. Rf2 b6 15. Rc1 Bg6 16. c5 bxc5 17. dxc5 Be5 18. Bxe5 Nxe5 19. Nf4 Nd3 20. Nxd3 Bxd3 21. Nf1 Bg6 22. Qd4 c6 23. b4 a5 24. Ne3 axb4 25. axb4 Ra3 26. Nf1 Qb7 27. Rb2 Rd3 28. Qf4 Qb5 29. g4 h6 30. Ng3 Rde3 31. Bf1 Qa4 32. b5 Qxf4 33. bxc6 Qxf3 34. c7 Qxg4 35. Rb8 Nh5 36. Bg2 Nxg3 37. hxg3 Rc8 38. c6 Ree8 39. Rd1 Qxg3 40. Rxd5 Qxc7 41. Rxc8 Rxc8 42. Rd7 Qb6+ 43. Kh2 Qf2 44. Kh1 Qe1+ 45. Kh2 Be4 0-1


[Site "https://www.chess.com"]

[Event "Titled Tuesday Blitz October 11 Early 2022"]
[White "Fernandez De La Vara, Arnaldo"]
[Black "Podetti, Davide"]
[WhiteFideId "3518388"]
[BlackFideId "893617"]
[WhiteElo "2387"]
[BlackElo "2160"]
[Result "1-0"]
[Round "09"]
[TimeControl "180+1"]
[Date "2022.10.12"]
[WhiteClock "0:00:06"]
[BlackClock "0:00:20"]

1. Nf3 d5 2. b3 Nf6 3. Bb2 e6 4. g3 Be7 5. Bg2 O-O 6. O-O c5 7. d4 Nc6 8. Nbd2 b6 9. c4 cxd4 10. Nxd4 Nxd4 11. Bxd4 Bb7 12. Qc2 Rc8 13. Qb2 Ba6 14. Rfd1 Qc7 15. Rac1 Qd6 16. cxd5 exd5 17. e4 dxe4 18. Nxe4 Nxe4 19. Bxe4 Rxc1 20. Rxc1 f5 21. Bf3 Bf6 22. Bxf6 Rxf6 23. h4 f4 24. Rd1 Qe7 25. g4 Rd6 26. Rxd6 Qxd6 27. Qc3 Qc5 28. Qd2 Qc7 29. Qd5+ Kf8 30. Qf5+ Ke8 31. Qxh7 Qc1+ 32. Kh2 Qc7 33. Qh8+ Kd7 34. Qxg7+ Kc8 35. Qxc7+ Kxc7 36. h5 1-0


[Site "https://www.chess.com"]

[Event "Titled Tuesday Blitz October 11 Early 2022"]
[White "Fernandez Garcia, Gumersindo"]
[Black "Laohawirapap, Prin"]
[WhiteFideId "24516740"]
[BlackFideId "6205003"]
[WhiteElo "2072"]
[BlackElo "2113"]
[Result "0-1"]
[Round "09"]
[TimeControl "180+1"]
[Date "2022.10.12"]
[WhiteClock "0:00:08"]
[BlackClock "0:01:03"]

1. d4 Nf6 2. Nf3 g6 3. g3 Bg7 4. Bg2 O-O 5. O-O d6 6. c4 Nc6 7. Nc3 a6 8. a4 e5 9. dxe5 dxe5 10. Bg5 Be6 11. b3 h6 12. Bxf6 Qxf6 13. e4 Nd4 14. Nd5 Qd8 15. Nxd4 exd4 16. Qd3 c6 17. Nf4 Bd7 18. Rad1 Qb6 19. Ne2 Rad8 20. f4 Rfe8 21. e5 Bf5 22. Be4 Bxe4 23. Qxe4 d3+ 24. Kg2 dxe2 25. Qxe2 Rxd1 26. Rxd1 Rd8 27. Rd3 Rxd3 28. Qxd3 Qc7 29. e6 Kh7 30. f5 fxe6 31. fxg6+ Kg8 32. Qe3 Qe7 33. h4 e5 34. h5 e4 35. Kf1 c5 36. Ke2 b6 37. g4 Qe5 38. Qh3 Qb2+ 39. Kf1 Qc1+ 40. Ke2 Qc2+ 41. Kf1 Qd1+ 42. Kg2 Qe2+ 43. Kh1 Qe1+ 44. Kg2 Bd4 45. Qg3 Qxg3+ 46. Kxg3 e3 47. Kf3 Kg7 48. Ke2 Kf6 49. Kf3 Kg5 50. g7 Bxg7 51. Kxe3 Kxg4 52. Ke4 Kxh5 53. Kd5 Bc3 54. Kc6 Ba5 0-1


[Site "https://www.chess.com"]